 Dungeon Crawl Stone Soup version 0.26.0-57-g60708a5e39 (webtiles) character file.

Game seed: 7207886350289789740

15028 hawla the Destroyer (level 11, -3/74 HPs)
             Began as a Yellow Draconian Conjurer on Feb 1, 2021.
             Was an Initiate of Gozag.
             Slain by a komodo dragon (9 damage)
             ... on level 13 of the Dungeon.
             The game lasted 00:51:23 (17831 turns).

hawla the Destroyer (Yellow Draconian Conjurer)    Turns: 17831, Time: 00:51:25

Health: -3/74      AC:  9    Str: 15    XL:     11   Next: 96%
Magic:  11/24      EV: 12    Int: 22    God:    Gozag
Gold:   2961       SH:  0    Dex: 10    Spells: 13/28 levels left

rFire    . . .     SeeInvis .   p - staff of earth
rCold    + . .     Faith    .   (no shield)
rNeg     + . .     Spirit   .   (armour unavailable)
rPois    +         Reflect  .   (helmet restricted)
rElec    +         Harm     .   I - scarf {repulsion}
rCorr    +         Rampage  .   C - +0 pair of gloves of Loss {rElec rPois rN+ rCorr}
Will     ++...                  U - +0 pair of boots
Stlth    ++........             c - amulet of magic regeneration
HPRegen  0.22/turn              G - ring of willpower
MPRegen  0.44/turn              K - ring of Jyroestro {rC+ rCorr Str+6 Slay+3}

@: gold aura, repel missiles
A: spit acid, unfitting armour, claws 1, strong-willed 1, wild magic 1,
cold-blooded, acid resistance, AC +7
a: Breathe Acid, Renounce Religion, Potion Petition, Call Merchant, Bribe Branch


You were on level 13 of the Dungeon.
You worshipped Gozag.
Gozag was most pleased with you.
You visited 2 branches of the dungeon, and saw 14 of its levels.
You also visited: Ossuary and Bailey.

You collected 3211 gold pieces.
You spent 176 gold pieces at shops.
You paid 74 gold pieces to Gozag.

Inventory:

Hand Weapons
 n - a +0 quarterstaff
 q - the +6 mace "Riloh" {venom, Dex+3}
   (You found it on level 6 of the Dungeon)

   It poisons the flesh of those it strikes.
   It affects your dexterity (+3).
 r - a +5 quarterstaff of chaos
 J - the +10 spear "Efeoci Nyfy" {vorpal, *Slow +Rage rN+}
   (You bought it in a shop on level 8 of the Dungeon)

   It inflicts extra damage upon your enemies.
   It protects you from negative energy.
   It lets you go berserk.
   It may slow you when you take damage.
Missiles
 d - 22 poisoned darts
 e - 8 javelins
 y - 3 curare-tipped darts
 A - 84 boomerangs (quivered)
 S - a throwing net
Armour
 l - a +0 pair of gloves
 s - a +1 cloak
 C - the +0 pair of gloves of Loss (worn) {rElec rPois rN+ rCorr}
   (You acquired it on level 9 of the Dungeon)

   It insulates you from electricity.
   It protects you from poison.
   It protects you from negative energy.
   It provides partial protection from all sources of acid and corrosion.
 I - a scarf of repulsion (worn)
 U - a +0 pair of boots (worn)
Magical Staves
 p - an uncursed staff of earth (weapon)
 R - an uncursed staff of poison
Jewellery
 b - an uncursed ring of ice
 c - an amulet of magic regeneration (around neck)
 h - an uncursed ring of poison resistance
 i - an uncursed amulet of reflection
 G - a ring of willpower (left hand)
 K - the ring of Jyroestro (right hand) {rC+ rCorr Str+6 Slay+3}
   (You found it on level 9 of the Dungeon)

   [ring of resist corrosion]

   It affects your strength (+6).
   It affects your accuracy and damage with ranged weapons and melee attacks
   (+3).
   It protects you from cold.
   It provides partial protection from all sources of acid and corrosion.
 O - an uncursed ring of flight
 Q - a +4 ring of slaying {unknown}
Wands
 g - a wand of paralysis (2)
 m - a wand of acid (27)
 v - a wand of enslavement (11)
 F - a wand of disintegration (25)
 T - a wand of digging (5)
Scrolls
 j - a scroll of teleportation
 k - 3 scrolls of remove curse
 o - 2 scrolls of enchant weapon
 B - 2 scrolls of identify
 L - 3 scrolls of magic mapping
 N - 2 scrolls of enchant armour
Potions
 a - 4 potions of heal wounds
 f - 3 potions of cancellation
 t - a potion of ambrosia
 u - 4 potions of brilliance
 w - 9 potions of curing
 x - a potion of flight
 z - 2 potions of mutation
 D - a potion of might
 E - 2 potions of berserk rage
 M - a potion of haste
 P - a potion of lignification


   Skills:
 - Level 6.0 Staves
 - Level 1.7 Dodging
 - Level 1.7 Stealth
 - Level 9.0 Spellcasting
 + Level 14.1 Conjurations
 - Level 2.0 Necromancy
 - Level 1.0 Translocations
 + Level 1.3 Transmutations
 + Level 5.3 Earth Magic
 - Level 4.0 Evocations


You had 13 spell levels left.
You knew the following spells:

 Your Spells              Type           Power        Failure   Level
a - Magic Dart            Conj           100%         1%          1
b - Searing Ray           Conj           100%         1%          2
c - Iskenderun's Mystic   Conj/Tloc      54%          5%          4
d - Stone Arrow           Conj/Erth      100%         1%          3
e - Vampiric Draining     Necr           12%          13%         3
f - Passwall              Tmut/Erth      39%          4%          2

Your spell library contained the following spells:

 Spells                   Type           Power        Failure   Level
 Sandblast                Erth           100%         1%          1
 Dazzling Flash           Conj/Hex       100%         2%          3
 Animate Skeleton         Necr           48%          5%          1
 Pain                     Necr           96%          5%          1
 Fulminant Prism          Conj/Hex       26%          6%          4
 Hailstorm                Conj/Ice       52%          6%          4
 Freeze                   Ice            48%          11%         1
 Petrify                  Tmut/Erth      47%          24%         4
 Frozen Ramparts          Ice            24%          28%         3
 Ozocubu's Armour         Ice            12%          28%         3
 Lee's Rapid Deconstruct  Erth           30%          30%         5
 Animate Dead             Necr           12%          36%         4
 Summon Ice Beast         Ice/Summ       12%          63%         4
 Agony                    Necr           24%          71%         5


Dungeon Overview and Level Annotations

Branches:
Dungeon (13/15)            Temple (1/1) D:5            Lair (0/6) D:9
    Orc (0/2) D:9         Ossuary (visited)          Bailey (visited)
 Vaults: D:13-14

Altars:
Ashenzari
Cheibriados
Dithmenos
Elyvilon
Fedhas
Gozag
Hepliaklqana
Kikubaaqudgha
Makhleb
Nemelex Xobeh
Okawaru
Qazlal
Ru
Sif Muna
Trog
Uskayaw
Vehumet
Wu Jian
Xom
Yredelemnul
Zin
The Shining One

Shops:
D:8 (   D:10 (

Annotations:
D:11 2 runed translucent doors, jlumianski's ghost, journeyman PaFi


Innate Abilities, Weirdness & Mutations

You can spit globs of acid.
Your golden yellow scales are hard. (AC +7)
You cannot fit into any form of body armour.
You are cold-blooded and may be slowed by cold attacks.
You are resistant to acid. (rCorr)
You have sharp fingernails.
You are strong-willed. (Will+)
Your spells are a little harder to cast, but a little more powerful.


Message History

Confirm with . or Enter, or press ? or * to list all spells.
You erupt in a blast of force!
The mystic blast hits the gnoll sergeant!!
You kill the gnoll sergeant!
The mystic blast hits the gnoll.
The gnoll is heavily wounded.
The gnoll is knocked back by the mystic blast.
The mystic blast hits the gnoll!
You kill the gnoll!
The mystic blast hits the worker ant!
You kill the worker ant!
The mystic blast hits the komodo dragon but does no damage.
The komodo dragon is moderately wounded.
The mystic blast hits something!
The yak bellows!
The centaur warrior shoots an arrow.
The arrow hits you!
* * * LOW HITPOINT WARNING * * *
The komodo dragon bites you!
You die...
Your body crumbles into a pile of gold.

*,*,,*,,,,,**** ***,,***,,,**
* **,#..***,,,***
**,,..#****,**,*
##**,,....,,,,,,,,,
#.***.....,,,,*,*,,
##.###.....,,,,*,**, ********
#...(......,,,,,,,,, *,,**,.#*
#..@.{.Y.g..,∩**,,,,
*,,,,,..#*##l$##.g.Y..,,**,,,,
**,,,....##..$$.g.....,,**,,,,
**,......#.c.l...§...,,,**,,,
**.........§§§§.....,,,***,,
*,#......§g§§..!..>,,,,,,,,
***#.....§§§§§..§..,,*,*,*,
##....§§§§......,,,,**,,
####...§§§§§...§##,,,,***,


You could see a centaur warrior, a komodo dragon, 2 yaks, a basilisk and 3
gnolls.

Vanquished Creatures
  Erolcha (D:13)
  Nergalle (D:12)
  An ugly thing (D:12)
  An orc knight (Bailey)
  2 manticores
  A cyclops (D:11)
  A guardian serpent (shapeshifter) (D:12)
  2 trolls
  2 shadows (D:11)
  16 yaks
  A wyvern (D:12)
  A human (shapeshifter) (D:12)
  The ghost of kaeus the Stinger, an amateur GnVM (D:4)
  A soldier ant (D:5)
  A water moccasin (D:5)
  3 orc warriors
  5 phantoms
  A hornet zombie (D:7)
  4 ice beasts
  5 sky beasts
  3 necrophages
  3 ogres
  6 centaurs
  A big kobold (D:8)
  9 bullfrogs
  A gnoll sergeant (D:13)
  3 water moccasin zombies (Ossuary)
  2 scorpions
  3 troll zombies (D:9)
  8 killer bees
  10 wights
  2 howler monkeys
  3 centaur zombies
  6 hounds
  A quasit (D:7)
  8 jellies
  10 orc priests
  3 centaur skeletons
  18 orc wizards
  Crazy Yiuf (D:6)
  A gnoll shaman (D:10)
  An iguana (D:11)
  12 worker ants
  A killer bee zombie (D:8)
  5 ogre zombies (D:9)
  3 big kobold zombies (Ossuary)
  2 mummies (Ossuary)
  2 worker ant zombies
  23 gnolls
  9 adders
  2 white imps (D:7)
  2 ufetubi
  2 oozes
  An adder skeleton (D:9)
  5 adder zombies
  7 worms
  2 dart slugs
  8 leopard geckos
  36 orcs
  5 bats
  3 giant cockroaches
  11 goblins
  20 hobgoblins
  9 jackals
  6 quokkas
  6 frilled lizards
  2 goblin skeletons (D:9)
  6 goblin zombies (D:9)
  A hobgoblin skeleton (D:9)
  8 hobgoblin zombies
  24 kobolds
  7 kobold zombies (Ossuary)
  15 orc zombies
  A quokka skeleton (D:4)
  A quokka zombie (D:9)
  8 rats
409 creatures vanquished.

Vanquished Creatures (collateral kills)
  An adder (D:9)
  An ufetubus (D:9)
2 creatures vanquished.

Grand Total: 411 creatures vanquished

Notes
Turn   | Place    | Note
-------+----------+-------------------------------------------
     0 | D:1      | hawla the Draconian Conjurer began the quest for the Orb.
     0 | D:1      | Reached XP level 1. HP: 14/14 MP: 3/3
   472 | D:1      | Reached XP level 2. HP: 19/20 MP: 0/5
   549 | D:1      | Learned a level 2 spell: Searing Ray
  1142 | D:2      | Reached XP level 3. HP: 16/26 MP: 3/6
  1780 | D:2      | Reached skill level 5 in Conjurations
  2078 | D:3      | Reached XP level 4. HP: 33/33 MP: 1/8
  2083 | D:3      | Learned a level 4 spell: Iskenderun's Mystic Blast
  2325 | D:3      | Reached skill level 1 in Translocations
  2469 | D:3      | Reached XP level 5. HP: 38/38 MP: 4/9
  2882 | D:4      | Found a runed translucent gate.
  2882 | D:4      | Found a runed translucent gate.
  2884 | D:4      | Found a runed translucent gate.
  2885 | D:4      | Found an opulent altar of Gozag.
  2886 | D:4      | Noticed an ice beast
  2887 | D:4      | Noticed kaeus's ghost (amateur GnVM)
  2907 | D:4      | Killed an ice beast
  2908 | D:4      | Reached skill level 6 in Conjurations
  2908 | D:4      | Reached XP level 6. HP: 37/45 MP: 2/11
  2917 | D:4      | Killed kaeus's ghost
  2971 | D:4      | Became a worshipper of Gozag Ym Sagoz the Greedy
  3034 | D:4      | Noticed an ice beast
  3040 | D:4      | Killed an ice beast
  3041 | D:4      | Reached skill level 7 in Conjurations
  3041 | D:4      | Your scales start taking on a golden yellow colour.
  3041 | D:4      | Reached XP level 7. HP: 50/50 MP: 6/13
  3041 | D:4      | Gained mutation: You are resistant to acid. (rCorr) [Yellow
                  | Draconian growth]
  3041 | D:4      | Upgraded the game from 0.26.0-45-g9c1d065592 to
                  | 0.26.0-57-g60708a5e39
  3501 | D:4      | Reached skill level 8 in Conjurations
  3669 | D:5      | Entered Level 5 of the Dungeon
  3681 | D:5      | Reached skill level 5 in Spellcasting
  3784 | D:5      | Found an opulent altar of Gozag.
  3787 | D:5      | Found a sacrificial altar of Ru.
  3912 | D:5      | Reached XP level 8. HP: 44/57 MP: 15/15
  4001 | D:5      | Found a staircase to the Ecumenical Temple.
  4088 | Temple   | Entered the Ecumenical Temple
  4333 | D:5      | Reached skill level 1 in Staves
  4378 | D:5      | Reached skill level 9 in Conjurations
  4552 | D:5      | Found a snail-covered altar of Cheibriados.
  4570 | D:5      | Found a snail-covered altar of Cheibriados.
  4675 | D:5      | Found a glowing golden altar of the Shining One.
  4831 | D:5      | You fall into a shaft and drop 1 floor!
  5306 | D:5      | Reached skill level 10 in Conjurations
  5306 | D:5      | Reached XP level 9. HP: 23/62 MP: 13/18
  6074 | D:6      | Found a basalt altar of Yredelemnul.
  6259 | D:6      | Found a runed translucent door.
  6260 | D:6      | Noticed Crazy Yiuf
  6266 | D:6      | Killed Crazy Yiuf
  6273 | D:6      | Got a twisted mace
  6273 | D:6      | Identified the +6 mace "Riloh" {venom, Dex+3} (You found it
                  | on level 6 of the Dungeon)
  6739 | D:7      | Found a sand-covered staircase.
  6758 | Ossuary  | Entered an ossuary
  7066 | Ossuary  | Reached skill level 11 in Conjurations
  7905 | D:7      | Found a shadowy altar of Dithmenos.
  8712 | D:8      | Reached XP level 10. HP: 65/69 MP: 1/21
  8737 | D:8      | Found a flagged portal.
  8747 | Bailey   | Entered a bailey
  9051 | Bailey   | Noticed an orc knight
  9057 | Bailey   | Reached skill level 12 in Conjurations
  9076 | Bailey   | Killed an orc knight
  9081 | Bailey   | Gained mutation: Your spells are a little harder to cast,
                  | but a little more powerful. [potion of mutation]
  9081 | Bailey   | Gained mutation: You have sharp fingernails. [potion of
                  | mutation]
  9081 | Bailey   | Gained mutation: You are strong-willed. (Will+) [potion of
                  | mutation]
  9604 | D:8      | Found Sial's Antique Weapon Boutique.
  9891 | D:8      | Found a white marble altar of Elyvilon.
 10163 | D:8      | Found a sparkling altar of Nemelex Xobeh.
 10404 | D:8      | Bought a warped spear for 176 gold pieces
 10404 | D:8      | Identified the +10 spear "Efeoci Nyfy" {vorpal, *Slow +Rage
                  | rN+} (You bought it in a shop on level 8 of the Dungeon)
 10426 | D:9      | Identified 2 scrolls of acquirement
 10426 | D:9      | Acquired an uncursed staff of earth
 10428 | D:9      | Acquired the +0 pair of gloves of Loss {rElec rPois rN+
                  | rCorr}
 10445 | D:9      | Learned a level 3 spell: Stone Arrow
 10449 | D:9      | Learned a level 3 spell: Vampiric Draining
 10452 | D:9      | Learned a level 2 spell: Passwall
 10470 | D:9      | Found an iron altar of Okawaru.
 10474 | D:9      | Found a hide-covered altar of Uskayaw.
 11039 | D:10     | Entered Level 10 of the Dungeon
 11050 | D:10     | Reached skill level 1 in Earth Magic
 11796 | D:9      | Found a staircase to the Orcish Mines.
 11804 | D:9      | Noticed a manticore
 11916 | D:9      | Reached skill level 13 in Conjurations
 11917 | D:9      | Killed a manticore
 12583 | D:9      | Found a staircase to the Lair.
 12597 | D:9      | Got a shimmering glass ring
 12720 | D:9      | Found an iron altar of Okawaru.
 12759 | D:9      | Found a radiant altar of Vehumet.
 13021 | D:9      | Identified the ring of Jyroestro {rC+ rCorr Str+6 Slay+3}
                  | (You found it on level 9 of the Dungeon)
 13445 | D:10     | Reached XP level 11. HP: 67/74 MP: 7/23
 13457 | D:10     | Reached skill level 1 in Evocations
 13662 | D:10     | Found Mobayso's Weapon Shop.
 14734 | D:11     | Found a runed translucent door.
 14765 | D:11     | You fall into a shaft and drop 1 floor!
 14980 | D:12     | Reached skill level 5 in Staves
 15546 | D:12     | Noticed Nergalle
 16475 | D:12     | Noticed a spectral orc warlord
 16486 | D:12     | Killed Nergalle
 16846 | D:11     | Noticed a cyan ugly thing
 17081 | D:12     | Killed a cyan ugly thing
 17082 | D:12     | Reached skill level 14 in Conjurations
 17082 | D:12     | Reached skill level 5 in Earth Magic
 17242 | D:11     | Found a runed translucent door.
 17243 | D:11     | Noticed a skeletal warrior
 17263 | D:11     | Reached skill level 1 in Necromancy
 17272 | D:11     | Noticed a phantasmal warrior
 17385 | D:11     | Noticed a fire dragon
 17387 | D:11     | Noticed a skeletal warrior
 17447 | D:11     | Reached skill level 1 in Transmutations
 17489 | D:11     | Noticed a lich
 17492 | D:11     | Noticed a necromancer
 17629 | D:11     | Noticed jlumianski's ghost (journeyman PaFi)
 17801 | D:13     | Noticed Erolcha
 17803 | D:13     | Noticed a two-headed ogre
 17812 | D:13     | Killed Erolcha
 17817 | D:13     | Noticed a centaur warrior
 17831 | D:13     | Slain by a komodo dragon

Illustrated notes

Levels and vault maps discovered:
D:1:      dpeg_arrival_morbid_curiosity, layout_basic, hangedman_decor_growths
D:2:      layout_basic, chequers_serial_rivers_large_a,
          kennysheep_generic_room_14
D:3:      layout_loops_cross
D:4:      layout_rooms, ebering_ghost_gozag, minmay_misc_feat_five,
          grunt_decor_cap, chequers_serial_rivers_micro_c
D:5:      layout_basic, grunt_temple_overflow_open,
          minmay_temple_entry_overgrown, hangedman_feature_mirror,
          kennysheep_slug_shrine
D:6:      layout_basic, lemuel_crystal_altar, uniq_crazy_yiuf_cottage
D:7:      layout_loops_corners, enter_ossuary_1, nicolae_dithmenos_shadow_blocks
D:8:      layout_basic, general_overflow_altar,
          nemelex_xobeh_ov_fountains_minmay, enter_bailey_3, serial_shops, shop
D:9:      layout_loops_cross, nicolae_overflow_crystal_walls,
          nicolae_overflow_hidden_temple, lair_entry_dummy, zombieorc2_lemuel,
          basic_altar
D:10:     layout_loops_cross, serial_shops, shop
D:11:     layout_cave_pools, muffindrake_ghost_dual_entry
D:12:     layout_stronghold, uniq_nergalle
D:13:     layout_cave_pools, nicolae_trove_entry_crystal,
          gauntlet_entry_generic, uniq_erolcha
Temple:   nicolae_temple_great_sept

Skill      XL: |  1  2  3  4  5  6  7  8  9 10 11 |
---------------+----------------------------------+-----
Conjurations   | 5 6 7 8 10 11 13 14 | 14.1
Spellcasting   | 3 4 5 6 7 8 9 |  9.0
Translocations | 1 |  1.0
Staves         | 3 4 6 |  6.0
Earth Magic    | 3 5 |  5.3
Evocations     | 4 |  4.0
Necromancy     | 2 |  2.0
Transmutations | 1 |  1.3
Dodging        | |  1.7
Stealth        | |  1.7

Action                   |  1- 3 |  4- 6 |  7- 9 | 10-12 || total
-------------------------+-------+-------+-------+-------++-------
Melee: Unarmed           |    42 |     9 |       |       ||    51
       Tailslap          |     4 |       |     9 |    35 ||    48
       Whip              |       |       |    10 |       ||    10
       Quarterstaff      |       |       |    35 |       ||    35
       Mace              |       |       |    41 |    86 ||   127
       Staff             |       |       |       |   207 ||   207
Throw: Boomerang         |       |       |       |     7 ||     7
 Cast: Magic Dart        |    36 |    17 |    37 |    57 ||   147
       Searing Ray       |    26 |    31 |    72 |    79 ||   208
       Iskenderun's Myst |       |       |    22 |    57 ||    79
       Vampiric Draining |       |       |       |    12 ||    12
       Stone Arrow       |       |       |       |     6 ||     6
Evoke: Wand              |       |       |       |     4 ||     4
  Use: Scroll            |     7 |     2 |     4 |    15 ||    28
       Potion            |       |     3 |     6 |    10 ||    19
 Stab: Paralysed         |       |       |       |     8 ||     8
       Distracted        |       |       |       |     1 ||     1
Armor: Skin              |    30 |    16 |   121 |   183 ||   350
Dodge: Dodged            |    69 |    12 |    61 |   323 ||   465
       Repelled          |       |       |       |     2 ||     2
Block: Other             |       |       |    44 |    80 ||   124
       Reflection        |       |       |     3 |     7 ||    10
